 Dungeon Crawl Stone Soup version 0.16.1-30-g34a7ffa (webtiles) character file.

162 Jb9000 the Covered (level 5, 0/33 HPs)
             Began as a Gargoyle Fighter on June 30, 2015.
             Was an Initiate of Trog.
             Killed by nerve-wracking pain
             ... invoked by an orc priest
              (10 damage)
             ... on level 3 of the Dungeon.
             The game lasted 00:10:16 (2557 turns).

Jb9000 the Covered (Gargoyle Fighter)               Turns: 2557, Time: 00:10:16

Health: 0/33       AC: 13    Str: 20    XL:     5   Next: 43%
Magic:  7/7        EV: 11    Int:  9    God:    Trog [......]
Gold:   129        SH:  9    Dex: 12    Spells: 0 memorised, 6 levels left

rFire  . . .     SeeInvis .     a - +3 flail
rCold  . . .     Clarity  .     b - +2 scale mail
rNeg   + . .     SustAb   .     c - +0 shield
rPois  ∞         Gourm    .     (no helmet)
rElec  +         Spirit   .     (no cloak)
rCorr  .         Warding  .     (no gloves)
rMut   .         Stasis   .     (no boots)
MR     .....                    (no amulet)
Stlth  +.........               y - +4 ring of evasion
                                l - +3 ring of dexterity

@: very slightly contaminated, invisible, not resistant to hostile enchantments,
very unstealthy
A: negative energy resistance 1, electricity resistance, unbreathing,
petrification resistance, rot immunity, AC +4
a: Burn Spellbooks, Renounce Religion


You were on level 3 of the Dungeon.
You worshipped Trog.
Trog was noncommittal.
You were hungry.

You visited 1 branch of the dungeon, and saw 3 of its levels.

You collected 129 gold pieces.

Inventory:

Hand weapons
 a - a +3 flail (weapon)
Missiles
 f - 2 throwing nets (quivered)
 g - 3 needles of sleeping
 o - 24 poisoned needles
 w - 18 arrows
Armour
 b - a +2 scale mail (worn)
 c - a +0 shield (worn)
Jewellery
 l - a +3 ring of dexterity (left hand)
 s - a +3 ring of protection
 y - a +4 ring of evasion (right hand)
Scrolls
 n - a scroll of remove curse
 q - a scroll of enchant armour
 t - a scroll of identify
 v - 2 scrolls of immolation
Potions
 e - 2 potions of might
 m - a potion of degeneration {unknown}
 r - a potion of mutation {unknown}
 u - a potion of poison {unknown}
Comestibles
 d - 3 bread rations
 h - 4 meat rations
 j - a beef jerky
 k - 2 royal jellies
 p - 2 chunks of flesh


   Skills:
 + Level 4.0 Fighting
 + Level 2.6 Maces & Flails
 + Level 4.2 Armour
 + Level 0.0 Dodging
 * Level 2.6 Stealth
 + Level 3.9 Shields
 - Level 1.0 Spellcasting


You had 6 spell levels left.
You didn't know any spells.

Dungeon Overview and Level Annotations

Branches:
Dungeon (3/15)

Altars:
Trog


Innate Abilities, Weirdness & Mutations

You are resistant to torment.
You are immune to poison.
Your stone body is very resilient (AC +4).
You resist negative energy.
You are resistant to electric shocks.
You can survive without breathing.
You are immune to petrification.
You are immune to rotting.


Message History

You fade into invisibility!
You are very lightly contaminated with residual magic.
You barely miss the orc.
The orc is heavily wounded.
You block the orc's attack. x2
You closely miss the orc.
The orc is moderately wounded.
The orc barely misses you.
You sock the orc!
You kill the orc!
Trog accepts your kill. The jackal misses you.
You hear some strange, mumbled words.
The puff of flame hits the jackal.
The jackal dies!
You are feeling hungry.
There is an open door here.
The orc priest calls down the wrath of Beogh upon something.
Pain shoots through your body!
You die...

*,**#.# #.#.... *,*
#.# #.##...
#.###.##########.##...
#...oh{...............
****#o##########.##..#
#.# #......#.#.... #.#
#.####.#.####.
##'###'####.#....#.
#.@.........####.#.
#...........####.#.
#................#.
#..........#######.
#..........# #.
#..........# ##
#..........# **
############ *, *,


You could see an orc priest, an orc and a jackal.

Vanquished Creatures
  An orc priest (D:3)
  The ghost of SaintRoka the Charmwright, a weakling HESk (D:3)
  4 adders
  3 worms
  3 giant geckos
  An ooze (D:1)
  4 orcs (D:3)
  3 bats (D:1)
  3 giant cockroaches
  5 hobgoblins
  3 jackals (D:2)
  9 kobolds
  4 giant newts
  6 goblins
  8 rats
58 creatures vanquished.

Vanquished Creatures (others)
  A jackal (D:3)
1 creature vanquished.

Grand Total: 59 creatures vanquished

Notes
Turn   | Place    | Note
--------------------------------------------------------------
     0 | D:1      | Jb9000, the Gargoyle Fighter, began the quest for the Orb.
     0 | D:1      | Reached XP level 1. HP: 14/14 MP: 1/1
   532 | D:1      | Reached XP level 2. HP: 19/19 MP: 2/2
   574 | D:1      | Reached skill level 1 in Stealth
   956 | D:1      | Reached XP level 3. HP: 21/23 MP: 3/3
  1663 | D:2      | Reached XP level 4. HP: 29/29 MP: 4/4
  2132 | D:3      | Reached skill level 4 in Armour
  2132 | D:3      | Reached XP level 5. HP: 33/33 MP: 5/5
  2353 | D:3      | Found a bloodstained altar of Trog.
  2361 | D:3      | Became a worshipper of Trog the Wrathful
  2395 | D:3      | Noticed SaintRoka's ghost (weakling HESk)
  2411 | D:3      | Killed SaintRoka's ghost
  2411 | D:3      | Reached skill level 1 in Spellcasting
  2557 | D:3      | Killed from afar by an orc priest

Action                   |  1- 3 |  4- 6 || total
-------------------------+-------+-------++-------
Melee: Flail             |   141 |    98 ||   239
Throw: Throwing net      |     1 |       ||     1
  Use: Scroll            |       |    11 ||    11
       Potion            |       |     3 ||     3
  Eat: Chunk             |     3 |     3 ||     6
